 Dungeon Crawl Stone Soup version 0.31-a0-841-g038b102fc3 (webtiles) character file.

Game seed: 3742606938994890412

296 Kurtz the Chopper (level 6, -10/42 HPs)
             Began as an Octopode Fighter on Sept 28, 2023.
             Killed from afar by Dowan (18 damage)
             ... with a shard of ice
             ... on level 4 of the Dungeon.
             The game lasted 00:02:08 (2042 turns).

Kurtz the Chopper (Octopode Fighter)                Turns: 2042, Time: 00:02:09

Health: -10/42     AC:  1    Str: 16    XL:     6   Next: 34%
Magic:  6/6        EV: 13    Int: 10    God:
Gold:   247        SH:  4    Dex: 13    Spells: 5/5 levels left

rFire   . . .        a - +0 war axe
rCold   . . .        b - +0 buckler
rNeg    . . .        (helmet restricted)
rPois   .            o - amulet of faith
rElec   .            (no ring)
rCorr   .            (no ring)
SInv    .            (no ring)
Will    .....        (no ring)
Stlth   ++           (no ring)
HPRegen 0.27/turn    (no ring)
MPRegen 0.10/turn    (no ring)
                     (no ring)

%: faith
@: lethally poisoned (-10 -> -14)
A: almost no armour, amphibious, 8 rings, camouflage 1, gelatinous body 1,
(nimble swimmer 1), tentacles
a: no special abilities


You were on level 4 of the Dungeon.
You visited 1 branch of the dungeon, and saw 4 of its levels.

You collected 247 gold pieces.

Inventory:

Hand Weapons
 a - a +0 war axe (weapon)
Armour
 b - a +0 buckler (worn)
Jewellery
 f - an amulet of regeneration
 g - a ring of wizardry
 o - an amulet of faith (around mantle)
 s - a +5 ring of evasion
Scrolls
 h - a scroll of identify {unknown}
 i - 2 scrolls of teleportation {unknown}
 j - a scroll of fear {unknown}
 k - a scroll of poison {unknown}
 m - a scroll of enchant weapon {unknown}
 q - a scroll of enchant armour {unknown}
 r - 2 scrolls of fog {unknown}
Potions
 d - a potion of magic {unknown}
 e - 2 potions of degeneration {unknown}
 l - a potion of heal wounds {unknown}
 n - a potion of mutation {unknown}
 p - 2 potions of attraction {unknown}
 t - a potion of haste {unknown}


   Skills:
 - Level 3.0 Fighting
 * Level 6.5 Axes
 - Level 3.0 Dodging
 - Level 3.0 Shields


You had 5 spell levels left.
You didn't know any spells.
Your spell library was empty.

Dungeon Overview and Level Annotations

Branches:
Dungeon (4/15)
 Temple: D:4-7

Altars:
Cheibriados
Elyvilon
Sif Muna

Annotations:
D:3 exclusion: downstairs
D:4 Dowan


Innate Abilities, Weirdness & Mutations

You cannot wear most types of armour.
You are amphibious.
You can wear up to eight rings at the same time.
Your skin changes colour to match your surroundings (Stealth+).
Your rubbery body absorbs attacks. (AC +1, EV +1)
((You are camouflaged when in or above water. (Stealth+)))
You have tentacles for arms and can constrict up to eight enemies at once.


Message History

Dowan's eyes darken. "You have made a grave mistake."
Dowan seems to find hidden reserves of power!
You feel sick.
Your Axes skill increases to level 6!
You have reached level 6!
You feel sick.
You climb upwards.
Level annotation: exclusion: downstairs You feel sick.
There is a stone staircase leading down here.
You start resting.
You feel sick.
You are no longer poisoned.
You start resting.
You feel a little less mighty now.
You start resting.
HP restored.
You climb downwards.
Level annotation: Dowan Dowan hits you with a +0 dagger of venom.
You are poisoned.
There is a stone staircase leading up, spattered with blood here.
You closely miss Dowan. You grab Dowan. You squeeze Dowan!
Dowan is moderately wounded.
You constrict Dowan.
You feel very sick. You block Dowan's attack.
Dowan points at you and mumbles some strange words.
The shard of ice hits you!!
Ouch! That really hurt!
* * * LOW HITPOINT WARNING * * *
Unknown command.
You hit Dowan. You squeeze Dowan.
Dowan is severely wounded.
You constrict Dowan.
You feel very sick.
Dowan casts a spell.
Dowan struggles to blink free from constriction.
Dowan gestures at you while chanting. The shard of ice hits you!!
You die...

..≈≈≈§≈≈≈≈§..#
#...............##
..≈S.§.§..§..#
#.#######......###
..§.≈≈.§≈!≈§## #.#
#......#
..≈.≈...≈.≈.# #.#
#..#####
..≈.≈._.≈.≈.# #.#
#..#######
..≈.≈§.§≈.≈.#
##.## #.........
#§≈§≈≈§≈§.≈.#
#...####
##.#######
#.e....# .#
#.@.##.# ######.#
#.# #.# #.# #.#
#.# #.# ##.# #.#
#..# #.# ###.###
#.# #.....# #.#


You could see Dowan (fast).

Vanquished Creatures
  Duvessa (D:4)
  An iguana (D:4)
  Terence (D:2)
  2 orc wizards (D:3)
  2 adders
  A gnoll (D:2)
  An ufetubus (D:4)
  A dart slug (D:1)
  2 orcs (D:3)
  4 endoplasms
  8 goblins
  5 hobgoblins
  A quokka (D:2)
  3 ball pythons
  7 bats
  4 frilled lizards
  6 kobolds
  5 rats
55 creatures vanquished.

Notes
Turn   | Place    | Note
-------+----------+-------------------------------------------
     0 | D:1      | Kurtz the Octopode Fighter began the quest for the Orb.
     0 | D:1      | Reached XP level 1. HP: 16/16 MP: 1/1
    33 | D:1      | Reached XP level 2. HP: 19/21 MP: 2/2
   100 | D:1      | Reached skill level 3 in Axes
   204 | D:1      | You fall into a shaft and drop 1 floor!
   236 | D:2      | Reached XP level 3. HP: 20/26 MP: 3/3
   476 | D:2      | Noticed Terence
   481 | D:2      | Killed Terence
   482 | D:2      | Reached skill level 4 in Axes
   482 | D:2      | Reached XP level 4. HP: 23/31 MP: 4/4
  1102 | D:3      | Found a shimmering blue altar of Sif Muna.
  1180 | D:3      | Reached skill level 5 in Axes
  1180 | D:3      | Reached XP level 5. HP: 18/36 MP: 5/5
  1277 | D:3      | Found a snail-covered altar of Cheibriados.
  1484 | D:4      | Found a white marble altar of Elyvilon.
  1489 | D:4      | Noticed Duvessa
  1489 | D:4      | Noticed Dowan
  1913 | D:4      | Killed Duvessa
  1914 | D:4      | Reached skill level 6 in Axes
  1914 | D:4      | Reached XP level 6. HP: 12/42 MP: 6/6
  2042 | D:4      | Killed from afar by Dowan

Illustrated notes

Levels and vault maps discovered:
D:1:      mrwooster_arrival_statue_3, layout_rooms
D:2:      layout_rooms, uniq_terence
D:3:      layout_rooms, mainiacjoe_overflow_cross_hatched,
          mainiacjoe_overflow_chevrons
D:4:      layout_loops_ring, mainiacjoe_overflow_concentric_impassable,
          serial_shops, shop, uniq_duvessa

Skill      XL: |  1  2  3  4  5 |
---------------+----------------+-----
Axes           | 3 4 5 6 |  6.5
Fighting       | |  3.0
Dodging        | |  3.0
Shields        | |  3.0

Action                     |  1- 3 |  4- 6 || total
---------------------------+-------+-------++-------
  Melee: War axe           |    39 |    70 ||   109
         Constrict         |    11 |    15 ||    26
         Tentacles         |     8 |     8 ||    16
    Use: Potion            |       |     5 ||     5
   Stab: Sleeping          |     2 |     2 ||     4
 Armour: Skin              |    17 |    74 ||    91
  Dodge: Dodged            |    29 |    27 ||    56
  Block: Buckler           |     7 |    14 ||    21

Table legend: (Time is in decaauts)
 A = Elapsed time spent in this place.
 B = Non-inter-level travel time spent in this place.
 C = Inter-level travel time spent in this place.
 D = Time resting spent in this place.
 E = Time spent auto-exploring this place.
 F = Levels seen in this place.
 G = Mean time per level.
                   A        B        C        D        E       F      G
               +--------+--------+--------+--------+--------+-----+--------+
         Total |   2079 |   2022 |     57 |    355 |   1221 |   4 |  519.8 |
       Dungeon |   2079 |   2022 |     57 |    355 |   1221 |   4 |  519.8 |
               +--------+--------+--------+--------+--------+-----+--------+

Top non-repeatable levels by time:
     D:3: 821 daAuts
     D:1: 500 daAuts
     D:2: 423 daAuts
     D:4: 334 daAuts
